Celery, chaotic female sylph Rogue ----------- |.........| ------ ----- ------ |.>........# |.*..| ##...^.#######.....| |.....{...|# ------- #-....| # |...| |....| -------.---# --.....| ###|....-### |<..| |....| ## o #-......| # ------ ----- ###.....| # E #|.......# # |....| ### j #|......|# # |....| # # #|......|# # ------ #### # #--------# # ---|--- # ## # # ------ |.....| # # #### # --....| |.....| # # %------# |.....| |...*.| # # #|....-# ##-%....| --....| #### # #-....| # |.....| |....| #-------# |....-##%## |.....| -------- |....| #|..}..}# ------ --.....%#%#######|.%!!!!| ------ #..._..| ------ #-.!!!!!| ------- -------- Celery the Cutpurse Experience level: 5 Strength: 10 Dexterity: 20 Constitution: 17 Intelligence: 10 Wisdom: 8 Charisma: 9 Health: 0(55) Energy: 24(24) Def: 0 Gold: 162 Moves: 6134 Dungeon seed: DEmvPvF6u5X_AZuu Game ID: Celery_1470407917 Your Inventory: Coins $ - 162 gold pieces Amulets T - an uncursed amulet of life saving Weapons b - an uncursed +1 dagger named dag (weapon in hand) k - 14 uncursed +0 daggers (in quiver) Comestibles c - an uncursed yellow mold corpse Potions S - an uncursed potion of water Rings A - an uncursed ring of teleportation J - an uncursed ring of polymorph control Wands h - an uncursed wand of opening (0:3) o - an uncursed wand of striking (0:4) v - an uncursed wand of cancellation (0:4) F - an uncursed wand of secret door detection (0:5) I - an uncursed wand of undead turning (0:6) Tools d - an uncursed lock pick f - an uncursed sack g - an uncursed blindfold l - an uncursed stethoscope E - an uncursed brass lantern (0:1339) V - a blessed oil lamp (0:1294) Gems q - an uncursed worthless piece of black glass y - an uncursed garnet stone z - an uncursed worthless piece of blue glass N - an uncursed worthless piece of white glass Y - an uncursed worthless piece of red glass Contents of the sack: 601 gold pieces an uncursed scroll of light 4 uncursed scrolls of scare monster a cursed scroll of taming an uncursed spellbook of cure sickness an uncursed spellbook of restore ability an uncursed potion of gain ability an uncursed potion of gain energy a blessed potion of healing 2 uncursed potions of healing 2 uncursed potions of sickness 3 uncursed potions of water Spells and supernatural/magical abilities: Name Level Category Fail Memory W - pray for help -- divine ? -- Your skills at the end: Miscellaneous Skills wands [Basic] Weapon Skills dagger [Skilled] short sword [Basic] Spellcasting Skills healing spells [Basic] Final Attributes: You were piously aligned. You saw invisible. You had infravision. You were stealthy. You were protected from shape changers. You are dead. Vanquished creatures: 2 leprechauns 2 rock piercers a pony a shrieker a gray ooze 2 little dogs a floating eye a kitten 3 iguanas 3 rothes 2 orc zombies 2 coyotes a gas spore 2 hobbits 7 geckos 2 giant rats a cave spider 6 yellow molds 8 manes 7 jackals a fox 4 kobolds 8 newts 3 sewer rats 6 grid bugs a bat 5 lichens 83 creatures vanquished. Voluntary challenges: You were vegetarian. You had followed a strict vegan diet until turn 3431. You used a wielded weapon 118 times, starting on turn 25. You did not apply a unicorn horn. You read items or engraved 12 times, starting on turn 3431. You never genocided any monsters. You never polymorphed an object. You never changed form. You used no wishes. You never split a pudding. You never wrote Elbereth's name. You never violated your personal moral code. Dungeon overview: The Dungeons of Doom: levels 1 to 6 Level 1 a fountain a long staircase Level 2 a general store, some fountains a long staircase Level 3 a general store Level 4 Level 5 <- You were here a potion shop, an altar to Kos, a fountain Level 6 a fountain History has recorded: On T:1 you entered the Dungeons of Doom to retrieve the Amulet of Yendor! On T:361 you advanced to experience level 2. On T:666 you reached level 2 of The Dungeons of Doom. On T:2403 you advanced to experience level 3. On T:2413 you reached level 3 of The Dungeons of Doom. On T:3708 you advanced to experience level 4. On T:3992 you reached level 4 of The Dungeons of Doom. On T:4591 you reached level 5 of The Dungeons of Doom. On T:4608 you reached level 6 of The Dungeons of Doom. On T:4686 you advanced to experience level 5. Score breakdown: Gold: 763 ( 76 points) Experience: 5 levels ( 400 points) Exploration: 6 levels ( 150 points) Discoveries: 15 items ( 750 points) Variety of kills: 27 monsters ( 1350 points) Major goal: (nothing yet) ( 0 points) Survival: died (score multiplied by 3) Total score: 8178 Latest messages: You stab the gray ooze! You kill the gray ooze! You never learned to swim! (Use the 'moveonly' command to move there anyway.) You can't jump very far. You are now wearing a ring called teleport. You finish waiting. You stop waiting. (2x) You take off your ring called teleport. You stab the yellow mold. You kill the yellow mold! The hobgoblin wields a crude dagger! You see here a yellow mold corpse. c - a yellow mold corpse. You stab the blue jelly! You stab the blue jelly. You are suddenly very cold! You stab the blue jelly. You are suddenly very cold! The hobgoblin thrusts his crude dagger. The hobgoblin stabs you! You stab the blue jelly! You are suddenly very cold! You die... Final status: Goodbye Celery the Rogue, killed by a blue jelly... You died in The Dungeons of Doom on dungeon level 5 with 8178 points, and 763 pieces of gold, after 6134 moves. You were level 5 with a maximum of 55 hit points when you died.